 Dungeon Crawl Stone Soup version 0.31-a0-233-g139696dc86 (webtiles) character file.

Game seed: 9875813250945324404

17157 qw the Skirmisher (level 12, -8/78 HPs)
             Began as a Gargoyle Hexslinger on July 8, 2023.
             Was a High Priest of Okawaru.
             Mangled by a dire elephant (19 damage)
             ... in a Gauntlet.
             The game lasted 00:06:44 (10585 turns).

qw the Skirmisher (Gargoyle Hexslinger)            Turns: 10585, Time: 00:06:44

Health: -8/78      AC: 25    Str: 12    XL:     12   Next: 45%
Magic:  19/19      EV: 20    Int: 15    God:    Okawaru [*****.]
Gold:   358        SH:  0    Dex: 16    Spells: 12/13 levels left

rFire   . . .        Y - +0 shortbow (flame)
rCold   + + .        (shield currently unavailable)
rNeg    + . .        i - +0 ring mail of Tartarus {Rampage rC++ Regen+}
rPois   inf          (no helmet)
rElec   +            m - +2 cloak of the Thief {*Fog Slay-2 SInv Stlth+}
rCorr   .            (no gloves)
SInv    +            c - +1 pair of boots
Will    .....        j - amulet of faith
Stlth   +++          q - +5 ring of evasion
HPRegen 1.13/turn    k - +4 ring of protection
MPRegen 0.16/turn

%: no teleportation, rampage, faith
@: heroic
A: sickness immunity, AC +8, negative energy resistance 1, electricity
resistance, torment resistance 1, petrification resistance
a: Renounce Religion, Heroism, Finesse, Duel


You were in a Gauntlet.
You worshipped Okawaru.
Okawaru was extremely pleased with you.
You visited 3 branches of the dungeon, and saw 13 of its levels.
You also visited: Gauntlet.

You collected 831 gold pieces.
You spent 473 gold pieces at shops.


Innate Abilities, Weirdness & Mutations

You are immune to sickness and miasma.
Your stone body is resilient. (AC +8)
You are immune to poison.
You resist negative energy. (rN+)
You are resistant to electric shocks. (rElec)
You are resistant to unholy torment.
You are immune to petrification.


   Skills:
 - Level 10.4(15.4) Fighting
 - Level 14.0(19.0) Ranged Weapons
 + Level 4.6(9.6) Armour
 - Level 4.1(9.1) Dodging
 - Level 1.0 Spellcasting
 - Level 2.6 Hexes
 - Level 10.0 Invocations


You had 12 spell levels left.
You knew the following spells:

 Your Spells              Type           Power      Damage    Failure   Level
a - Slow                  Hex            32%        N/A       16%         1

Your spell library contained the following spells:

 Spells                   Type           Power      Damage    Failure   Level
 Inner Flame              Hex/Fire       4%         N/A       63%         3
 Portal Projectile        Hex/Tloc       8%         N/A       63%         3
 Cause Fear               Hex            4%         N/A       83%         4

Inventory:

Hand Weapons
 Y - a +0 shortbow of flaming (weapon)
Armour
 a - a +0 troll leather armour
 c - a +1 pair of boots (worn)
 i - the +0 ring mail of Tartarus (worn) {Rampage rC++ Regen+}
   (You found it on level 4 of the Dungeon)

   rC:        It greatly protects you from cold.
   Regen:     It increases your rate of health regeneration.
   Rampage:   It bestows one free step when moving towards enemies.
 m - the +2 cloak of the Thief (worn) {*Fog Slay-2 SInv Stlth+}
   (You found it in a Gauntlet)

   *Fog:      It may release a thick cloud of smoke when the wearer is hurt.
   Slay:      It affects your accuracy & damage with ranged weapons and melee
   (-2).
   SInv:      It lets you see invisible.
   Stlth:     It makes you more stealthy.
Jewellery
 b - an amulet of reflection
 j - an amulet of faith (around neck)
 k - a +4 ring of protection (right hand)
 q - a +5 ring of evasion (left hand)
Scrolls
 g - 3 scrolls of identify
 n - a scroll of teleportation
Potions
 f - 2 potions of curing
 h - 3 potions of cancellation
 l - 3 potions of enlightenment
 o - a potion of mutation

Dungeon Overview and Level Annotations

Branches:
Dungeon (10/15)            Temple (1/1) D:4            Lair (2/5) D:10
 Shoals (0/4) Lair:2          Orc (0/2) D:10        Gauntlet (1/1)
  Snake: Lair:2-3    Spider: Lair:2-3

Altars:
Ashenzari
Cheibriados
Dithmenos
Elyvilon
Fedhas
Gozag
Hepliaklqana
Kikubaaqudgha
Makhleb
Nemelex Xobeh
Okawaru
Qazlal
Ru
Sif Muna
Trog
Uskayaw
Vehumet
Wu Jian
Xom
Yredelemnul
Zin
The Shining One

Shops:
D:5 *   D:7 !   D:8 !

Annotations:
D:4 3 runed translucent doors, qw's ghost, amateur MiHs
D:5 2 transporters, qw's ghost, novice DEHu Gauntlet 9 transporters


Message History

The arrow hits the dire elephant but does no damage.
The dire elephant is moderately wounded.
The elephant tramples you but does no damage.
The elephant trunk-slaps you but does no damage.
The elephant completely misses you.
The elephant trunk-slaps you but does no damage.
The dire elephant closely misses you.
The dire elephant trunk-slaps you but does no damage.
You shoot an arrow. The arrow hits the dire elephant!
The arrow burns the dire elephant.
The dire elephant is moderately wounded.
You shoot an arrow.
The arrow hits the dire elephant but does no damage.
The dire elephant is moderately wounded.
The elephant closely misses you. x2; The elephant barely misses you.
The elephant trunk-slaps you but does no damage.
The dire elephant tramples you but does no damage.
The dire elephant misses you.
You shoot an arrow.
The arrow barely misses the dire elephant.
The elephant barely misses you. The elephant closely misses you.
The elephant tramples you but does no damage.
The elephant trunk-slaps you but does no damage.
The dire elephant tramples you!
With a swish of your cloak, you release a cloud of fog.
You hold your ground!
The dire elephant trunk-slaps you but does no damage.
You shoot an arrow.
The arrow hits the dire elephant but does no damage.
The dire elephant is moderately wounded.
The elephant completely misses you. x2
The elephant tramples you but does no damage.
The elephant barely misses you. The dire elephant tramples you.
You hold your ground!
The dire elephant trunk-slaps you but does no damage.
You shoot an arrow.
The arrow hits the dire elephant but does no damage.
The dire elephant is moderately wounded.
The dire elephant tramples you!!
You die...

#~.8......8................
##...............8.....8...
#~...###########...........
##...#..=:^$...#...########
#¤...#.##...##.#...#2))^.".
##¤..#.#.###.#.#...#4..###.
#~...#..##.##..#...#...###.
##.8.#..¤YYY...#.8.#...###.
#~...#..##@##..#...#.##^...
##...#.#.###.#.#...#.##..#.
#~...#.##...##.#...#.......
##...#.........#...########
#~...###########.....#.^.#.
##......#.^.#........#...#.
##.8...#.8.#...8....#.^.#.
#¤.....#.^.#.....#########
##...#########...#..=?^:#x


You could see a dire elephant and 2 elephants.

Vanquished Creatures
  A two-headed ogre (D:9)
  A merfolk siren (Lair:2)
  An elephant (Gauntlet)
  A black mamba (Lair:1)
  A kobold demonologist (D:10)
  3 komodo dragons
  2 trolls
  Grinder (D:3)
  9 blink frogs (Lair:1)
  2 raiju (Gauntlet)
  A vampire (D:10)
  26 yaks
  3 shadows
  A wyvern (D:9)
  A wraith (D:9)
  3 steam dragons
  8 water moccasins
  Duvessa (D:4)
  An acid dragon (D:9)
  4 ice beasts
  An orc warrior (D:8)
  6 black bears
  An ogre (D:7)
  7 wolves
  2 phantoms
  A centaur (D:7)
  6 kobold brigands
  4 scorpions
  10 bullfrogs
  13 wights
  Dowan (D:4)
  3 troll zombies (D:10)
  12 killer bees
  8 howler monkeys
  5 orc priests
  5 hounds
  A sleepcap (D:8)
  2 iguanas
  5 orc wizards
  A lightning spire (Gauntlet)
  5 ogre zombies (D:10)
  A hound zombie (D:4)
  14 gnolls
  4 adders
  2 shadow imps
  A white imp (D:8)
  An adder zombie (D:4)
  2 worms (D:2)
  A dart slug (D:1)
  28 orcs
  7 endoplasms
  3 giant cockroaches
  3 goblins
  2 hobgoblins
  6 jackals (D:2)
  4 quokkas
  6 ball pythons
  11 bats
  A frilled lizard (D:2)
  A goblin skeleton (D:10)
  4 goblin zombies (D:10)
  2 hobgoblin skeletons (D:10)
  5 hobgoblin zombies (D:10)
  11 kobolds
  3 orc skeletons (D:10)
  10 orc zombies (D:10)
  4 rats
307 creatures vanquished.

Notes
Turn   | Place    | Note
-------+----------+-------------------------------------------
     0 | D:1      | qw the Gargoyle Hexslinger began the quest for the Orb.
     0 | D:1      | Reached XP level 1. HP: 12/12 MP: 2/2
     0 | D:1      | 0 ||| qw: Version: 0.3-a-46-gb1f654a
     0 | D:1      | 0 ||| qw: Game counter: 3360
     0 | D:1      | 0 ||| qw: Melee chars always use a shield: true
     0 | D:1      | 0 ||| qw: God list: Okawaru
     0 | D:1      | 0 ||| qw: Allow faded altars: false
     0 | D:1      | 0 ||| qw: Do Orc after clearing Dungeon:15 true
     0 | D:1      | 0 ||| qw: Do second Lair branch before Depths: true
     0 | D:1      | 0 ||| qw: Lair rune preference: random
     0 | D:1      | 0 ||| qw: Goals: Normal
     0 | D:1      | 0 ||| PLANNING D:1-11
   117 | D:1      | Reached XP level 2. HP: 16/16 MP: 3/3
   245 | D:1      | Reached skill level 3 in Ranged Weapons
   415 | D:1      | You fall into a shaft and drop 1 floor!
   464 | D:2      | 464 ||| UPGRADING to +0 leather armour.
   474 | D:2      | 474 ||| DROPPING +0 robe.
   475 | D:2      | 475 ||| DROPPING ring of magical power.
   476 | D:2      | 476 ||| READING scroll labelled CEYL QETOENEUN.
   477 | D:2      | 477 ||| READING scroll labelled UKHEAW TASTRAO.
   478 | D:2      | 478 ||| DROPPING scroll of poison.
   722 | D:1      | 722 ||| READING scroll labelled MESAEF TEGIN.
   755 | D:2      | Reached XP level 3. HP: 21/21 MP: 4/4
  1400 | D:2      | 1400 ||| UPGRADING to +0 ring mail.
  1410 | D:2      | 1410 ||| DROPPING +0 leather armour.
  1411 | D:2      | 1411 ||| UPGRADING to amulet of reflection.
  1416 | D:2      | 1416 ||| UPGRADING to +4 ring of protection.
  1417 | D:2      | 1417 ||| DRINKING 2 green potions.
  1469 | D:3      | Reached XP level 4. HP: 26/26 MP: 5/5
  1510 | D:3      | Found a hazy altar of Hepliaklqana.
  1514 | D:3      | Noticed Grinder
  1523 | D:3      | Paralysed by Grinder for 2 turns
  1530 | D:3      | Paralysed by Grinder for 5 turns
  1535 | D:3      | Killed Grinder
  1536 | D:3      | Reached skill level 6 in Ranged Weapons
  1536 | D:3      | Reached XP level 5. HP: 11/30 MP: 6/6
  1536 | D:3      | Reached XP level 6. HP: 13/35 MP: 7/7
  1791 | D:3      | Reached skill level 1 in Armour
  1937 | D:3      | Found a faded altar of an unknown god.
  2397 | D:3      | 2397 ||| UPGRADING to +0 leather armour of cold resistance.
  2407 | D:3      | 2407 ||| READING scroll labelled RUF FEKIENNA.
  2408 | D:3      | 2408 ||| READING scroll labelled YLY UTHEEVVOUM.
  2409 | D:3      | 2409 ||| DRINKING 2 bubbling black potions.
  2410 | D:3      | 2410 ||| DROPPING potion of degeneration.
  2597 | D:4      | 2597 ||| READING scroll of enchant weapon.
  2597 | D:4      | 2597 ||| ENCHANTING +2 sling.
  2652 | D:4      | Found a runed translucent gate.
  2652 | D:4      | Found a runed translucent gate.
  2652 | D:4      | Found a runed translucent gate.
  2652 | D:4      | Noticed qw's ghost (amateur MiHs)
  2654 | D:4      | Found a basalt altar of Yredelemnul.
  2710 | D:4      | Reached skill level 3 in Fighting
  2718 | D:4      | 2718 ||| FLEEEEING.
  2780 | D:4      | 2780 ||| FLEEEEING.
  2788 | D:4      | 2788 ||| STAIRDANCE
  2812 | D:3      | 2812 ||| DRINKING 2 grey potions.
  2946 | D:4      | 2946 ||| DRINKING potion of curing.
  2946 | D:4      | 2946 ||| (to cure confusion)
  3165 | D:4      | Identified the +0 ring mail of Tartarus {Rampage rC++
                  | Regen+}
  3223 | D:4      | Found a staircase to the Ecumenical Temple.
  3224 | D:4      | 3224 ||| PLANNING TEMPLE
  3224 | D:4      | 3224 ||| DROPPING +0 ring mail.
  3225 | D:4      | 3225 ||| UPGRADING to +0 pair of boots.
  3230 | D:4      | 3230 ||| UPGRADING to +0 ring mail of Tartarus {Rampage
                  | rC++ Regen+}.
  3240 | D:4      | 3240 ||| DROPPING +0 leather armour of cold resistance.
  3241 | D:4      | 3241 ||| UPGRADING to amulet of faith.
  3251 | D:4      | Noticed Dowan
  3251 | D:4      | Noticed Duvessa
  3279 | D:4      | Killed Duvessa
  3280 | D:4      | Reached XP level 7. HP: 35/43 MP: 8/8
  3280 | D:4      | 3280 ||| FLEEEEING.
  3281 | D:4      | 3281 ||| FLEEEEING.
  3282 | D:4      | 3282 ||| FLEEEEING.
  3284 | D:4      | Killed Dowan
  3297 | Temple   | Entered the Ecumenical Temple
  3334 | Temple   | 3334 ||| PLANNING OKAWARU WORSHIP
  3497 | Temple   | Became a worshipper of Warmaster Okawaru
  3498 | Temple   | 3498 ||| PLANNING D:1-11
  3659 | D:5      | Entered Level 5 of the Dungeon
  3659 | D:5      | Found a transporter.
  3660 | D:5      | Noticed qw's ghost (novice DEHu)
  3661 | D:5      | Found a transporter.
  3664 | D:5      | 3664 ||| READING scroll of enchant weapon.
  3664 | D:5      | 3664 ||| ENCHANTING +3 sling.
  3697 | D:5      | Reached skill level 7 in Ranged Weapons
  3804 | D:5      | Found a burning altar of Makhleb.
  3928 | D:5      | Reached * piety under Okawaru
  3929 | D:5      | Reached skill level 8 in Ranged Weapons
  3929 | D:5      | Reached XP level 8. HP: 48/48 MP: 9/9
  4162 | D:5      | Reached skill level 1 in Invocations
  4238 | D:5      | Found Ysalergh's Assorted Antiques.
  4255 | D:5      | 4255 ||| BUYING scroll labelled MUETAE QAAD (26 gold).
  4255 | D:5      | Bought a scroll labelled MUETAE QAAD for 26 gold pieces
  4255 | D:5      | 4255 ||| BUYING scroll labelled XEVANA HYLOZY (26 gold).
  4255 | D:5      | Bought a scroll labelled XEVANA HYLOZY for 26 gold pieces
  4255 | D:5      | 4255 ||| BUYING scroll of identify (52 gold).
  4255 | D:5      | Bought a scroll of identify for 52 gold pieces
  4255 | D:5      | 4255 ||| BUYING scroll of identify (52 gold).
  4255 | D:5      | Bought a scroll of identify for 52 gold pieces
  4255 | D:5      | 4255 ||| BUYING white potion (23 gold).
  4255 | D:5      | Bought a white potion for 23 gold pieces
  4422 | D:5      | 4422 ||| UPGRADING to ring of resist corrosion.
  4423 | D:5      | 4423 ||| READING scroll labelled VEESAYTZUF.
  4427 | D:5      | 4427 ||| READING scroll labelled MUETAE QAAD.
  4428 | D:5      | 4428 ||| READING scroll labelled XEVANA HYLOZY.
  4429 | D:5      | 4429 ||| READING 3 scrolls of identify.
  4429 | D:5      | 4429 ||| IDENTIFYING yellow potion
  4430 | D:5      | 4430 ||| READING 2 scrolls of identify.
  4430 | D:5      | 4430 ||| IDENTIFYING blue potion
  4431 | D:5      | 4431 ||| DROPPING potion of brilliance.
  4432 | D:5      | 4432 ||| DROPPING potion of ambrosia.
  4476 | D:6      | 4476 ||| READING scroll of enchant armour.
  4476 | D:6      | 4476 ||| ENCHANTING +0 pair of boots.
  4554 | D:6      | 4554 ||| INVOKING Heroism.
  4758 | D:6      | Reached skill level 3 in Invocations
  4758 | D:6      | 4758 ||| Stepping ~*~*~tactically~*~*~ (outnumbered).
  5035 | D:6      | 5035 ||| Stepping ~*~*~tactically~*~*~ (outnumbered).
  5037 | D:6      | 5037 ||| Stepping ~*~*~tactically~*~*~ (outnumbered).
  5054 | D:6      | 5054 ||| Stepping ~*~*~tactically~*~*~ (outnumbered).
  5126 | D:6      | Reached skill level 9 in Ranged Weapons
  5384 | D:6      | 5384 ||| DRINKING 2 cyan potions.
  5385 | D:6      | 5385 ||| READING 2 scrolls of identify.
  5385 | D:6      | 5385 ||| IDENTIFYING white potion
  5430 | D:7      | Reached XP level 9. HP: 54/54 MP: 12/12
  5436 | D:7      | Reached ** piety under Okawaru
  5780 | D:7      | 5780 ||| Stepping ~*~*~tactically~*~*~ (outnumbered).
  5783 | D:7      | 5783 ||| Stepping ~*~*~tactically~*~*~ (outnumbered).
  5785 | D:7      | 5785 ||| Stepping ~*~*~tactically~*~*~ (outnumbered).
  5790 | D:7      | 5790 ||| INVOKING Heroism.
  5805 | D:7      | Reached skill level 6 in Fighting
  5851 | D:7      | 5851 ||| SWAPPING to +0 shortbow.
  5852 | D:7      | 5852 ||| INVOKING Heroism.
  5869 | D:7      | 5869 ||| DROPPING +4 sling.
  5878 | D:7      | 5878 ||| INVOKING Heroism.
  5902 | D:7      | HP: 6/56 [orc priest/divine providence (11)]
  5903 | D:7      | 5903 ||| READING scroll of teleportation.
  5904 | D:7      | 5904 ||| DRINKING 2 potions of heal wounds.
  5905 | D:7      | 5905 ||| INVOKING Heroism.
  6074 | D:7      | 6074 ||| FLEEEEING.
  6075 | D:7      | 6075 ||| FLEEEEING.
  6100 | D:7      | 6100 ||| INVOKING Heroism.
  6169 | D:7      | Found Wiacsell's Distillery.
  6175 | D:7      | 6175 ||| BUYING potion of cancellation (112 gold).
  6175 | D:7      | Bought a potion of cancellation for 112 gold pieces
  6175 | D:7      | 6175 ||| BUYING potion of curing (42 gold).
  6175 | D:7      | Bought a potion of curing for 42 gold pieces
  6175 | D:7      | 6175 ||| BUYING potion of enlightenment (70 gold).
  6175 | D:7      | Bought a potion of enlightenment for 70 gold pieces
  6175 | D:7      | 6175 ||| BUYING potion of heal wounds (70 gold).
  6175 | D:7      | Bought a potion of heal wounds for 70 gold pieces
  6175 | D:7      | 6175 ||| SHOPLISTING potion of magic (112 gold, have 2).
  6175 | D:7      | 6175 ||| SHOPLISTING potion of resistance (140 gold, have
                  | 2).
  6311 | D:7      | 6311 ||| UPGRADING to ring of willpower.
  6348 | D:8      | 6348 ||| STAIRDANCE
  6354 | D:7      | Reached skill level 10 in Ranged Weapons
  6521 | D:8      | 6521 ||| INVOKING Heroism.
  6627 | D:8      | Reached *** piety under Okawaru
  6647 | D:8      | 6647 ||| INVOKING Heroism.
  6654 | D:8      | Reached skill level 11 in Ranged Weapons
  6683 | D:8      | 6683 ||| Stepping ~*~*~tactically~*~*~ (outnumbered).
  6685 | D:8      | 6685 ||| Stepping ~*~*~tactically~*~*~ (outnumbered).
  6686 | D:8      | 6686 ||| Stepping ~*~*~tactically~*~*~ (outnumbered).
  6687 | D:8      | 6687 ||| INVOKING Heroism.
  6737 | D:8      | Found Reukhl Jewk's Distillery.
  6745 | D:8      | Reached skill level 3 in Armour
  6760 | D:8      | Reached XP level 10. HP: 63/63 MP: 13/13
  6764 | D:8      | 6764 ||| SHOPLISTING potion of enlightenment (55 gold, have
                  | 43).
  6764 | D:8      | 6764 ||| SHOPLISTING potion of heal wounds (55 gold, have
                  | 43).
  6764 | D:8      | 6764 ||| SHOPLISTING potion of might (44 gold, have 43).
  6764 | D:8      | 6764 ||| SHOPLISTING potion of mutation (88 gold, have 43).
  6861 | D:8      | 6861 ||| INVOKING Heroism.
  6877 | D:8      | Reached skill level 3 in Dodging
  6959 | D:8      | 6959 ||| INVOKING Heroism.
  7028 | D:8      | 7028 ||| INVOKING Heroism.
  7043 | D:8      | 7043 ||| Stepping ~*~*~tactically~*~*~ (cloud).
  7045 | D:8      | 7045 ||| Stepping ~*~*~tactically~*~*~ (cloud).
  7083 | D:8      | 7083 ||| READING scroll labelled YXIDIX SIAC.
  7084 | D:8      | 7084 ||| READING scroll labelled GAD FUXTIZY.
  7148 | D:9      | Found a radiant altar of Vehumet.
  7385 | D:9      | 7385 ||| INVOKING Heroism.
  7422 | D:9      | Noticed a two-headed ogre
  7423 | D:9      | 7423 ||| INVOKING Heroism.
  7430 | D:9      | Killed a two-headed ogre
  7443 | D:9      | Reached skill level 12 in Ranged Weapons
  7506 | D:9      | Reached **** piety under Okawaru
  7519 | D:9      | 7519 ||| Stepping ~*~*~tactically~*~*~ (outnumbered).
  7520 | D:9      | 7520 ||| Stepping ~*~*~tactically~*~*~ (outnumbered).
  7522 | D:9      | 7522 ||| Stepping ~*~*~tactically~*~*~ (outnumbered).
  7532 | D:9      | 7532 ||| INVOKING Heroism.
  7555 | D:9      | 7555 ||| INVOKING Heroism.
  7577 | D:9      | 7577 ||| INVOKING Heroism.
  7680 | D:9      | Found a bloodstained altar of Trog.
  7682 | D:9      | Found a white marble altar of Elyvilon.
  7843 | D:9      | 7843 ||| FLEEEEING.
  7844 | D:9      | 7844 ||| FLEEEEING.
  7845 | D:9      | 7845 ||| FLEEEEING.
  7978 | D:9      | 7978 ||| DROPPING ring of resist corrosion.
  7979 | D:9      | 7979 ||| UPGRADING to +5 ring of evasion.
  7981 | D:9      | 7981 ||| UPGRADING to +4 ring of protection.
  7983 | D:9      | 7983 ||| DROPPING ring of willpower.
  7984 | D:9      | 7984 ||| READING scroll labelled HEEKKIPL POSOENU.
  7985 | D:9      | 7985 ||| READING scroll labelled ZIPTIS TOING.
  7986 | D:9      | 7986 ||| READING 4 scrolls of identify.
  7986 | D:9      | 7986 ||| IDENTIFYING glowing brown potion
  7987 | D:9      | 7987 ||| DROPPING potion of attraction.
  8035 | D:10     | Entered Level 10 of the Dungeon
  8052 | D:10     | Noticed a kobold demonologist
  8079 | D:10     | Killed a kobold demonologist
  8137 | D:10     | Reached XP level 11. HP: 61/68 MP: 15/15
  8151 | D:10     | 8151 ||| INVOKING Heroism.
  8163 | D:10     | Reached skill level 13 in Ranged Weapons
  8163 | D:10     | 8163 ||| DRINKING 4 potions of curing.
  8163 | D:10     | 8163 ||| (to cure confusion)
  8167 | D:10     | Reached skill level 6 in Invocations
  8191 | D:10     | 8191 ||| INVOKING Heroism.
  8208 | D:10     | HP: 15/69 [troll (7)]
  8209 | D:10     | 8209 ||| READING 2 scrolls of teleportation.
  8210 | D:10     | 8210 ||| DRINKING 3 potions of heal wounds.
  8213 | D:10     | 8213 ||| FLEEEEING.
  8214 | D:10     | 8214 ||| FLEEEEING.
  8215 | D:10     | 8215 ||| FLEEEEING.
  8216 | D:10     | 8216 ||| FLEEEEING.
  8217 | D:10     | 8217 ||| STAIRDANCE
  8252 | D:10     | 8252 ||| INVOKING Heroism.
  8288 | D:10     | 8288 ||| STAIRDANCE
  8306 | D:10     | 8306 ||| STAIRDANCE
  8324 | D:10     | 8324 ||| STAIRDANCE
  8354 | D:10     | 8354 ||| STAIRDANCE
  8370 | D:10     | 8370 ||| STAIRDANCE
  8384 | D:10     | 8384 ||| STAIRDANCE
  8397 | D:10     | 8397 ||| STAIRDANCE
  8408 | D:10     | 8408 ||| STAIRDANCE
  8437 | D:10     | 8437 ||| STAIRDANCE
  8466 | D:10     | 8466 ||| STAIRDANCE
  8479 | D:10     | 8479 ||| STAIRDANCE
  8539 | D:10     | Found a staircase to the Orcish Mines.
  8639 | D:10     | 8639 ||| DRINKING 3 potions of curing.
  8639 | D:10     | 8639 ||| (to cure confusion)
  8643 | D:10     | 8643 ||| FLEEEEING.
  8645 | D:10     | 8645 ||| FLEEEEING.
  8646 | D:10     | 8646 ||| FLEEEEING.
  8652 | D:10     | 8652 ||| FLEEEEING.
  8653 | D:10     | 8653 ||| DRINKING 2 potions of curing.
  8653 | D:10     | 8653 ||| (to cure confusion)
  8658 | D:10     | Reached skill level 9 in Fighting
  8679 | D:10     | 8679 ||| INVOKING Heroism.
  8764 | D:10     | 8764 ||| INVOKING Heroism.
  8799 | D:10     | Found a staircase to the Lair.
  8904 | D:10     | 8904 ||| PLANNING LAIR
  8942 | Lair:1   | Entered Level 1 of the Lair of Beasts
  8963 | Lair:1   | 8963 ||| INVOKING Heroism.
  9017 | Lair:1   | 9017 ||| INVOKING Heroism.
  9118 | Lair:1   | 9118 ||| INVOKING Heroism.
  9148 | Lair:1   | 9148 ||| INVOKING Heroism.
  9187 | Lair:1   | 9187 ||| INVOKING Heroism.
  9313 | Lair:1   | 9313 ||| INVOKING Heroism.
  9368 | Lair:1   | Reached skill level 9 in Invocations
  9424 | Lair:1   | 9424 ||| INVOKING Heroism.
  9445 | Lair:1   | Reached skill level 14 in Ranged Weapons
  9447 | Lair:1   | Reached ***** piety under Okawaru
  9606 | Lair:1   | Reached XP level 12. HP: 76/76 MP: 19/19
  9756 | Lair:1   | 9756 ||| INVOKING Heroism.
  9823 | Lair:1   | 9823 ||| INVOKING Heroism.
  9965 | Lair:1   | 9965 ||| DROPPING +1 pair of boots.
  9966 | Lair:1   | 9966 ||| READING scroll labelled ATIMIT OWOT.
  9980 | Lair:1   | 9980 ||| READING 4 scrolls of identify.
  9980 | Lair:1   | 9980 ||| IDENTIFYING inky potion
  9981 | Lair:1   | 9981 ||| DROPPING potion of invisibility.
 10021 | Lair:2   | 10021 ||| PLANNING GAUNTLET
 10029 | Lair:2   | 10029 ||| STAIRDANCE
 10033 | Lair:1   | 10033 ||| INVOKING Heroism.
 10127 | Lair:2   | 10127 ||| INVOKING Heroism.
 10177 | Lair:2   | Found a staircase to the Shoals.
 10253 | Lair:2   | 10253 ||| INVOKING Heroism.
 10318 | Lair:2   | Found a gate leading to a gauntlet.
 10326 | Gauntlet | Entered a Gauntlet
 10326 | Gauntlet | Found a transporter.
 10335 | Gauntlet | Found a transporter.
 10349 | Gauntlet | Found a transporter.
 10349 | Gauntlet | Noticed a large abomination
 10353 | Gauntlet | Found a transporter.
 10373 | Gauntlet | Found a transporter.
 10386 | Gauntlet | Found a transporter.
 10389 | Gauntlet | Noticed a green death
 10391 | Gauntlet | Found a transporter.
 10395 | Gauntlet | Found a transporter.
 10419 | Gauntlet | Noticed a dire elephant
 10420 | Gauntlet | Found a transporter.
 10442 | Gauntlet | Found a transporter.
 10444 | Gauntlet | Found a transporter.
 10445 | Gauntlet | Found the +2 cloak of the Thief {*Fog Slay-2 SInv Stlth+}
 10446 | Gauntlet | Found a runed translucent gate.
 10446 | Gauntlet | Found a runed translucent gate.
 10446 | Gauntlet | Found a runed translucent gate.
 10452 | Gauntlet | Found a transporter.
 10534 | Gauntlet | 10534 ||| UPGRADING to +2 cloak of the Thief {*Fog Slay-2
                  | SInv Stlth+}.
 10539 | Gauntlet | 10539 ||| READING scroll labelled GEAPLUV OKKOKK.
 10551 | Gauntlet | 10551 ||| INVOKING Heroism.
 10565 | Gauntlet | HP: 12/78 [dire elephant (23)]
 10566 | Gauntlet | 10566 ||| DRINKING 2 potions of heal wounds.
 10567 | Gauntlet | 10567 ||| DRINKING potion of heal wounds.
 10579 | Gauntlet | HP: 18/78 [dire elephant (7)]
 10584 | Gauntlet | HP: 10/78 [dire elephant (4)]
 10585 | Gauntlet | Mangled by a dire elephant

Levels and vault maps discovered:
D:1:      amcnicky_arrival_feature_with_door, layout_loops_ring
D:2:      cheibrodos_old_hovel, layout_loops_ring
D:3:      layout_loops_corners, nicolae_overflow_crystal_walls,
          nicolae_ecumenical_pavilion, uniq_grinder
D:4:      layout_loops_cross, nicolae_yredelemnul_ghost_church,
          minmay_temple_entry_purple_smoke, uniq_duvessa
D:5:      layout_basic, old_standard_altar, gammafunk_ghost_arena, serial_shops,
          kennysheep_little_box, minmay_gold_behind_fungi
D:6:      minmay_skewed_foursquare, layout_basic
D:7:      layout_gridville, serial_shops, nicolae_square_shop
D:8:      layout_basic, serial_shops, nicolae_stop_n_shop_2
D:9:      minmay_recursive_quarters, layout_loops_cross,
          chequers_temple_overflow_statue_of_worship, nicolae_vehumet_radiance,
          hangedman_abyss_or_decor_lesser_grid
D:10:     layout_rooms, due_lair_maze_entry_diamond, zombieorc2_lemuel
Temple:   eino_temple_scatter_basement
Lair:1:   layout_gridlike
Lair:2:   layout_roguey, minmay_shoals_entry_lonely_mermaid,
          minmay_snake_entry_six_corridors, gauntlet_entry_generic,
          nicolae_lair_lindhole
Gauntlet: minmay_gauntlet_mixed_oops_all_seconds
          [minmay_gauntlet_arena_77_run_for_it, gammafunk_gauntlet_arena_mazey,
          minmay_gauntlet_arena_77_broken_ladder,
          gammafunk_gauntlet_arena_corners,
          minmay_gauntlet_arena_77_block_sizes, gammafunk_gauntlet_arena_grid,
          nicolae_gauntlet_exit_dead_adventurers]

Skill      XL: |  1  2  3  4  5  6  7  8  9 10 11 12 |
---------------+-------------------------------------+-----
Ranged Weapons | 3 6 8 9 11 12 14 | 14.0
Fighting       | 2 4 5 7 8 9 10 | 10.4
Armour         | 1 2 3 4 |  4.6
Invocations    | 4 5 9 10 | 10.0
Dodging        | 2 3 4 |  4.1
Spellcasting   | |  1.0
Hexes          | |  2.6

Action                     |  1- 3 |  4- 6 |  7- 9 | 10-12 || total
---------------------------+-------+-------+-------+-------++-------
   Fire: Sling             |   117 |   191 |   253 |       ||   561
         Shortbow          |       |       |   251 |  1027 ||  1278
 Invoke: Heroism           |       |       |     9 |    26 ||    35
    Use: Scroll            |     3 |     3 |     9 |     9 ||    24
         Potion            |     1 |     3 |     2 |     6 ||    12
 Armour: Robe              |    12 |       |       |       ||    12
         Leather armour    |    10 |    31 |       |       ||    41
         Ring mail         |       |    57 |   239 |   520 ||   816
  Dodge: Dodged            |    39 |    62 |   283 |  1049 ||  1433
  Block: Other             |       |    23 |       |       ||    23

Table legend:
 A = Non-vault XP
 B = Vault XP
 C = Vault XP percentage of total XP
 D = Non-vault monster count
 E = Vault monster count
 F = Vault count percentage of total count
                 A         B        C        D         E       F
            +---------+---------+-------+---------+---------+-------
      Total |   18312 |    6199 |  25.3 |     234 |      73 |  23.8
            +---------+---------+-------+---------+---------+-------
        D:1 |      28 |       0 |   0.0 |      18 |       0 |   0.0
        D:2 |      50 |       1 |   2.0 |      18 |       1 |   5.3
        D:3 |      81 |     286 |  77.9 |      18 |       1 |   5.3
        D:4 |     139 |     244 |  63.7 |      11 |       4 |  26.7
        D:5 |     634 |       0 |   0.0 |      17 |       0 |   0.0
        D:6 |     595 |     261 |  30.5 |      17 |       5 |  22.7
        D:7 |    1092 |       0 |   0.0 |      23 |       0 |   0.0
        D:8 |    2053 |       0 |   0.0 |      29 |       0 |   0.0
        D:9 |    1416 |    2247 |  61.3 |      13 |      14 |  51.9
       D:10 |    1877 |    1667 |  47.0 |      19 |      43 |  69.4
     Lair:1 |    8389 |       0 |   0.0 |      40 |       0 |   0.0
     Lair:2 |    1958 |     490 |  20.0 |      11 |       1 |   8.3
   Gauntlet |       0 |    1003 | 100.0 |       0 |       4 | 100.0
            +---------+---------+-------+---------+---------+-------
